 Dungeon Crawl Stone Soup version 0.28.0-53-g5a82cb258f (webtiles) character file.

Game seed: 11966201305366849093

9 12572944 the Ruffian (level 2, 23/23 HPs)
             Began as a Draconian Transmuter on Aug 14, 2022.
             Was a Follower of Zin.
             Quit the game on level 1 of the Dungeon.
             The game lasted 00:00:49 (428 turns).

12572944 the Ruffian (Draconian Transmuter)          Turns: 428, Time: 00:00:50

Health: 23/23      AC:  4    Str: 12    XL:     2   Next: 3%
Magic:  5/5        EV: 12    Int: 13    God:    Zin [*.....]
Gold:   21         SH:  0    Dex: 11    Spells: 2/5 levels left

rFire   . . .      SeeInvis .     - Unarmed
rCold   . . .      Faith    .   (no shield)
rNeg    . . .      Spirit   .   (armour unavailable)
rPois   .          Reflect  .   (helmet restricted)
rElec   .          Harm     .   (no cloak)
rCorr   .          Rampage  .   (no gloves)
Will    .....                   (no boots)
Stlth   +.........              (no amulet)
HPRegen 0.07/turn               (no ring)
MPRegen 0.09/turn               (no ring)

@: no status effects
A: AC +4, unfitting armour, cold-blooded
a: Renounce Religion, Recite, Donate Gold


You were on level 1 of the Dungeon.
You worshipped Zin.
Zin was aware of your devotion.
You visited 1 branch of the dungeon, and saw 1 of its levels.

You collected 23 gold pieces.
You donated 2 gold pieces to Zin.

Inventory:

Scrolls
 a - a scroll of brand weapon {unknown}
 d - a scroll of enchant weapon {unknown}
Potions
 b - a potion of invisibility {unknown}
 c - 2 potions of degeneration {unknown}
 e - a potion of heal wounds {unknown}


   Skills:
 + Level 1.2 Fighting
 + Level 1.9 Dodging
 + Level 3.0 Unarmed Combat
 + Level 2.1 Spellcasting
 * Level 2.3 Transmutations


You had 2 spell levels left.
You knew the following spells:

 Your Spells              Type           Power      Damage    Failure   Level
a - Beastly Appendage     Tmut           14%        N/A       10%         1
b - Wereblood             Tmut           7%         N/A       14%         2

Your spell library contained the following spells:

 Spells                   Type           Power      Damage    Failure   Level
 Spider Form              Tmut/Pois      4%         N/A       43%         3
 Ignite Poison            Fire/Tmut/Pois 3%         N/A       50%         3
 Conjure Flame            Conj/Fire      1%         6-21      58%         3
 Ice Form                 Ice/Tmut       4%         N/A       83%         4
 Sticky Flame             Conj/Fire      1%         2d3       94%         4


Dungeon Overview and Level Annotations

Branches:
Dungeon (1/15)

Altars:
Zin


Innate Abilities, Weirdness & Mutations

Your plain brown scales are hard. (AC +4)
You cannot fit into any form of body armour.
You are cold-blooded and may be slowed by cold attacks.


Message History

There is an open door here.
There is an open door here.
You see here a rat corpse.
Found 21 stones.
Okay, then.
c - 2 metallic silvery potions
Found a faded altar of an unknown god.
d - a scroll labelled ONEOTTOXTE
Found a stone staircase leading down.
A dart slug comes into view.
A dart slug is nearby!
A dart slug is nearby!
Casting: Beastly Appendage (safe; 10% risk of failure)
Confirm with . or Enter, or press ? or * to list all spells.
You grow a pair of large bovine horns.
Your feet morph into talons.
You hit the dart slug but do no damage. You claw the dart slug.
You headbutt the dart slug, but do no damage.
The dart slug is lightly wounded.
You hit the dart slug. You claw the dart slug.
You kill the dart slug!
You have reached level 2!
Your transformation is almost over.
Your horns disappear.
Your talons disappear.
e - a dark potion Memorise Wereblood, consuming 2 spell levels and leaving 2?
You start memorising the spell.
You continue memorising. x2
You finish memorising.
Spell assigned to 'b'.
There is a faded altar of an unknown god here.
You cannot tell which god this altar belongs to.
Convert to them anyway?
Zin accepts your prayer! Zin welcomes you!
You pay a tithe of 2 gold.
You can now donate money to Zin.
You can now recite Zin's Axioms of Law.
An endoplasm comes into view.
An endoplasm is nearby!
Casting: Beastly Appendage (safe; 10% risk of failure)
Confirm with . or Enter, or press ? or * to list all spells.
Casting this spell will place you under penance.
Really cast?
Okay, then.
Are you sure you want to abandon this character and quit the game? (Confirm with "yes".)

.......†.......
...........# .#
........##+######J#
##+###..........#.# #
. #..........#.# #
.###..........#.###
##..##..........#...
.##[##..........#.#.#
..#..+..........@...#
#...##.......##.##..#
....##.......#...#..#
..#.########..._....#
..#.......##.#...#..#
###.......##.##.##..#
#........##.......##
#........##.#######
##..###......#


You could see an endoplasm (asleep).

Vanquished Creatures
  A dart slug (D:1)
  A bat (D:1)
  A kobold (D:1)
  A ball python (D:1)
  A goblin (D:1)
  3 rats (D:1)
8 creatures vanquished.

Notes
Turn   | Place    | Note
-------+----------+-------------------------------------------
     0 | D:1      | 12572944 the Draconian Transmuter began the quest for the
                  | Orb.
     0 | D:1      | Reached XP level 1. HP: 16/16 MP: 3/3
   371 | D:1      | Found a faded altar of an unknown god.
   388 | D:1      | Reached XP level 2. HP: 23/23 MP: 3/5
   413 | D:1      | Learned a level 2 spell: Wereblood
   424 | D:1      | Prayed at the altar of an unknown god.
   424 | D:1      | Became a worshipper of Zin the Law-Giver
   424 | D:1      | Reached * piety under Zin
   428 | D:1      | Quit the game

Illustrated notes

Levels and vault maps discovered:
D:1:      dpeg_arrival_arbitrary_b, layout_basic, ebering_ecumenical_altar_box,
          roderic_serpentine_path, st_stairs_6

Action                   || total
-------------------------++-------
Melee: Unarmed           ||    14
       Kick              ||     5
       Headbutt          ||     2
 Cast: Beastly Appendage ||     5
Armor: Skin              ||     2
Dodge: Dodged            ||    18
